 Dungeon Crawl Stone Soup version 0.26.1-2-gb8aa6d0cf2 (webtiles) character file.

Game seed: 15204521087919569408

29 promet the Sneak (level 3, -2/25 HPs)
             Began as an Octopode Brigand on Feb 25, 2021.
             Slain by a jelly (3 damage)
             ... on level 2 of the Dungeon.
             The game lasted 00:04:50 (1278 turns).

promet the Sneak (Octopode Brigand)                 Turns: 1278, Time: 00:04:51

Health: -2/25      AC: -7    Str: 10    XL:     3   Next: 16%
Magic:  3/3        EV: 13    Int: 13    God:
Gold:   51         SH:  0    Dex: 14    Spells: 2/2 levels left

rFire    . . .     SeeInvis .   a - +3 dagger
rCold    . . .     Faith    .   (no shield)
rNeg     . . .     Spirit   .   (helmet restricted)
rPois    .         Reflect  .   (no amulet)
rElec    .         Harm     .   (no ring)
rCorr    .         Rampage  .   (no ring)
Will     .....                  (no ring)
Stlth    ++++......             (no ring)
HPRegen  0.08/turn              (no ring)
MPRegen  0.08/turn              (no ring)
                                (no ring)
                                (no ring)

@: about to teleport, corroded
A: almost no armour, stealthy swim, amphibious, 8 rings, constrict 8, camouflage
1, gelatinous body 1
a: no special abilities


You were on level 2 of the Dungeon.
You visited 1 branch of the dungeon, and saw 2 of its levels.

You collected 51 gold pieces.

Inventory:

Hand Weapons
 a - a +3 dagger (weapon)
 h - a +0 spear
Missiles
 b - 8 poisoned darts (quivered)
 c - 2 curare-tipped darts
 d - 16 stones
 g - 16 arrows
Scrolls
 e - a scroll of teleportation
 f - a scroll of identify
 i - a scroll of amnesia


   Skills:
 * Level 2.3 Fighting
 + Level 2.2 Short Blades
 + Level 2.1 Throwing
 + Level 1.0 Dodging
 + Level 6.2 Stealth


You had 2 spell levels left.
You didn't know any spells.
Your spell library was empty.

Dungeon Overview and Level Annotations

Branches:
Dungeon (2/15)

Altars:


Innate Abilities, Weirdness & Mutations

You cannot wear most types of armour.
You are very stealthy in the water. (Stealth+)
You are amphibious.
You can wear up to eight rings at the same time.
You can use your tentacles to constrict eight enemies at once.
Your skin changes colour to match your surroundings (Stealth+).
Your rubbery body absorbs attacks. (AC +1, EV +1)


Message History

You kill the goblin!
A jelly comes into view.
The jelly quivers.
You hit the jelly but do no damage. The acid corrodes you!
Your tentacles burn!
The bat closely misses you. The jelly hits you.
You are splashed with acid!
* * * LOW HITPOINT WARNING * * *
You hit the jelly. The acid corrodes you!
Your tentacles burn!
* * * LOW HITPOINT WARNING * * *
The jelly is lightly wounded.
The bat closely misses you. The jelly misses you. The bat barely misses you.
The bat barely misses you. The bat hits you.
* * * LOW HITPOINT WARNING * * *
The bat closely misses you.
As you read the scroll of teleportation, it crumbles to dust.
You feel strangely unstable. The bat hits you.
* * * LOW HITPOINT WARNING * * *
The jelly hits you.
You die...

#.# #....†..#....
#.# #............
#.# #............
#.# #............
#.# ######.#.##.#
#.# #...##.#.##.#
##.####[..##.#.##.#
#.........'..#.##.#
#.@###.††.####.##.#
#Jb# #....# #.##.#
#..# #....# #.....
#..# ##...# ###...
≈.......# #...#
#... ≈≈#####.#
###### #.). #.# #<#
#... #.# #)# #...
..# #.#########...


You could see a jelly and a bat.

Vanquished Creatures
  3 leopard geckos (D:1)
  A giant cockroach (D:1)
  A goblin (D:2)
  7 hobgoblins
  3 kobolds (D:1)
  A ball python (D:1)
  3 bats
  2 frilled lizards (D:1)
  4 rats
25 creatures vanquished.

Notes
Turn   | Place    | Note
-------+----------+-------------------------------------------
     0 | D:1      | promet the Octopode Brigand began the quest for the Orb.
     0 | D:1      | Reached XP level 1. HP: 14/14 MP: 1/1
   356 | D:1      | Reached XP level 2. HP: 19/19 MP: 2/2
   652 | D:1      | Reached skill level 6 in Stealth
  1096 | D:2      | Reached XP level 3. HP: 21/24 MP: 3/3
  1278 | D:2      | HP: 1/25 [bat (1)]
  1278 | D:2      | Slain by a jelly

Illustrated notes

Levels and vault maps discovered:
D:1:      elethiomel_arrival_maze, layout_basic, moated_statue
D:2:      wander_river, layout_basic, general_overflow_altar, uniq_natasha

Skill      XL: |  1  2 |
---------------+-------+-----
Stealth        | 6 |  6.2
Fighting       | |  2.3
Short Blades   | |  2.2
Throwing       | |  2.1
Dodging        | |  1.0

Action                   || total
-------------------------++-------
Melee: Dagger            ||    49
       Constrict         ||     8
       Tentacles         ||     6
  Use: Scroll            ||     7
       Potion            ||     2
 Stab: Sleeping          ||     7
Armor: Skin              ||     2
Dodge: Dodged            ||    22
